 Dungeon Crawl Stone Soup version 0.32-a0-485-g70f7560b1c (webtiles) character file.

Game seed: 9822023373196965886

87 Malificent the Magician (level 4, 0/41 HPs)
             Began as an Oni Hedge Wizard on Feb 26, 2024.
             Slain by a ball python (1 damage)
             ... on level 3 of the Dungeon.
             The game lasted 00:08:39 (2567 turns).

Malificent the Magician (Oni Hedge Wizard)          Turns: 2567, Time: 00:08:39

Health: 0/41       AC:  5    Str: 12 (14) XL:     4   Next: 51%
Magic:  6/10       EV:  9    Int: 15 (17) God:
Gold:   95         SH:  0    Dex:  6 (8)  Spells: 10/11 levels left

rFire   . . .        n - +0 club
rCold   . . .        (no shield)
rNeg    . . .        b - +0 robe
rPois   .            o - +2 hat
rElec   .            (no cloak)
rCorr   .            (gloves unavailable)
SInv    .            (boots unavailable)
Will    .....        (no amulet)
Stlth   +            (no ring)
HPRegen 0.26/turn    (no ring)
MPRegen 0.12/turn

%: no passive effects
@: mighty
A: large, unfitting armour, horns 1, tough skin 1, double potion healing,
drunken brawling
a: no special abilities


You were on level 3 of the Dungeon.
You visited 1 branch of the dungeon, and saw 3 of its levels.

You collected 95 gold pieces.

Inventory:

Hand Weapons
 n - a +0 club (weapon)
Missiles
 q - 20 stones
Armour
 b - a +0 robe (worn)
 c - a +0 hat
 o - a +2 hat (worn)
Jewellery
 g - a ring of ice
Scrolls
 e - a scroll of silence {unknown}
 f - a scroll of enchant weapon {unknown}
 k - a scroll of identify


   Skills:
 + Level 1.1 Fighting
 - Level 0.5 Short Blades
 * Level 1.0 Maces & Flails
 * Level 1.0 Throwing
 + Level 2.3 Dodging
 + Level 1.5 Stealth
 * Level 4.4 Spellcasting
 * Level 1.5 Conjurations
 + Level 0.8 Summonings
 + Level 0.8 Translocations


You had 10 spell levels left.
You knew the following spells:

 Your Spells              Type           Power      Damage    Failure   Level
a - Magic Dart            Conj           28%        1d4       10%         1

Your spell library contained the following spells:

 Spells                   Type           Power      Damage    Failure   Level
 Slow                     Hex            12%        N/A       17%         1
 Blink                    Tloc           10%        N/A       19%         2
 Call Imp                 Summ           10%        N/A       19%         2
 Cigotuvi's Dreadful Rot  Necr/Alch/Air  6%         N/A       26%         2
 Mephitic Cloud           Conj/Alch/Air  4%         N/A       38%         3
 Frozen Ramparts          Ice            6%         1d1       45%         3
 Leda's Liquefaction      Alch/Erth      1%         N/A       86%         4
 Petrify                  Alch/Erth      3%         N/A       86%         4
 Metabolic Englaciation   Hex/Ice        1%         N/A       99%         5


Dungeon Overview and Level Annotations

Branches:
Dungeon (3/15)

Altars:
Vehumet

Shops:
D:3 *[?


Innate Abilities, Weirdness & Mutations

You are too large for most types of armour.
You have a pair of small horns on your head.
You have tough skin. (AC +1)
You gain doubled healing and magic from potions.
Whenever you drink a healing potion, you attack all around you.


Message History

The river rat closely misses you. The river rat bites you.
You hit the river rat but do no damage. You headbutt the river rat!
You kill the river rat!
You feel your intelligence returning.
Your Throwing skill increases to level 1!
You closely miss the rat. Your headbutt misses the rat. The rat bites you. x2
You closely miss the rat. The rat bites you.
* * * LOW HITPOINT WARNING * * *
You sock the rat!
You kill the rat!
Things that are here:
a rat corpse; an adder corpse You enter the shallow water.
You feel a little less clever now.
Found a potion of might.
A river rat comes into view.
An adder comes into view.
The adder hisses angrily.
The river rat bites you.
* * * LOW HITPOINT WARNING * * *
You see here a potion of might.
You closely miss the river rat. Your headbutt misses the river rat.
The river rat bites you.
* * * LOW HITPOINT WARNING * * *
The river rat attacks as it pursues you!
The river rat bites you but does no damage.
The adder bites you but does no damage. As you open the door, it creaks loudly!
A ball python comes into view.
The river rat bites you but does no damage.
The adder bites you.
* * * LOW HITPOINT WARNING * * *
Found a radiant altar of Vehumet.
Found 2 potions of curing.
The adder bites you.
* * * LOW HITPOINT WARNING * * *
There is an open door here.
The adder attacks as it pursues you! The adder bites you.
* * * LOW HITPOINT WARNING * * *
The ball python bites you.
You die...

#.†....##
####.####..#
#...~~# ####
######..~~~#
.....#...#~#
###+###....~~~#
##.....###..~#~#
#.......##.~~~~#
#......@##..~#~#
+..._..SSr..~#~#
#....!..#.!..# ~
#.......#....#
## ###
##.....#######
#.# ###+##
#.#### #.....
#∩.# #..###


You could see an adder, a river rat and a ball python.

Vanquished Creatures
  3 adders (D:3)
  2 river rats (D:3)
  5 ball pythons
  3 endoplasms
  3 giant cockroaches
  5 goblins
  4 hobgoblins
  A kobold (D:1)
  2 quokkas
  4 bats
  6 frilled lizards
  5 rats
43 creatures vanquished.

Notes
Turn   | Place    | Note
-------+----------+-------------------------------------------
     0 | D:1      | Malificent the Oni Hedge Wizard began the quest for the
                  | Orb.
     0 | D:1      | Reached XP level 1. HP: 16/16 MP: 5/5
   243 | D:1      | Reached XP level 2. HP: 20/24 MP: 6/6
   249 | D:1      | Reached skill level 4 in Spellcasting
   988 | D:1      | Reached XP level 3. HP: 22/32 MP: 8/8
  1241 | D:2      | Reached skill level 1 in Conjurations
  2262 | D:3      | Found Qeuriorpho's Assorted Antiques.
  2391 | D:3      | Found Degiph's Magic Scroll Shoppe.
  2465 | D:3      | Found Fijuirphe's Antique Armour Shoppe.
  2533 | D:3      | Reached XP level 4. HP: 40/40 MP: 1/10
  2545 | D:3      | Reached skill level 1 in Fighting
  2545 | D:3      | Reached skill level 1 in Maces & Flails
  2549 | D:3      | Reached skill level 1 in Throwing
  2565 | D:3      | Found a radiant altar of Vehumet.
  2567 | D:3      | HP: 1/41 [adder (3)]
  2567 | D:3      | Slain by a ball python

Illustrated notes

Levels and vault maps discovered:
D:1:      tarquinn_simple_flora_water_e, layout_basic
D:2:      layout_loops_corners
D:3:      layout_loops_ring, nicolae_vehumet_altar_sigil,
          lightli_sewer_entry_pipes, serial_shops, shop, shop, shop, shop,
          nicolae_shop_stone, uniq_crazy_yiuf_cottage

Skill      XL: |  1  2  3  4 |
---------------+-------------+-----
Spellcasting   | 4 |  4.4
Conjurations   | 1 |  1.5
Dodging        | 2 |  2.3
Fighting       | 1 |  1.1
Maces & Flails | 1 |  1.0
Throwing       | 1 |  1.0
Short Blades   | |  0.5
Stealth        | |  1.5
Summonings     | |  0.8
Translocations | |  0.8

Action                     |  1- 3 |  4- 6 || total
---------------------------+-------+-------++-------
  Melee: Dagger            |    82 |       ||    82
         Headbutt          |    23 |     1 ||    24
         Club              |    85 |    19 ||   104
  Throw: Stone             |     6 |       ||     6
   Cast: Magic Dart        |    20 |       ||    20
    Use: Potion            |     6 |     1 ||     7
         Scroll            |     5 |       ||     5
   Stab: Sleeping          |     1 |       ||     1
 Armour: Robe              |   141 |    22 ||   163
         Skin              |    32 |     2 ||    34
  Dodge: Dodged            |    88 |    10 ||    98

Table legend: (Time is in decaauts)
 A = Elapsed time spent in this place.
 B = Non-inter-level travel time spent in this place.
 C = Inter-level travel time spent in this place.
 D = Time resting spent in this place.
 E = Time spent auto-exploring this place.
 F = Levels seen in this place.
 G = Mean time per level.
                   A        B        C        D        E       F      G
               +--------+--------+--------+--------+--------+-----+--------+
         Total |   2594 |   2517 |     77 |    162 |   1602 |   3 |  864.7 |
       Dungeon |   2594 |   2517 |     77 |    162 |   1602 |   3 |  864.7 |
               +--------+--------+--------+--------+--------+-----+--------+

Top non-repeatable levels by time:
     D:1: 1239 daAuts
     D:2: 1024 daAuts
     D:3: 331 daAuts
